Map: Lock & Load

Players

Corrales

  • Race: Terran Terran
  • League: Bronze
  • Spawn Location: 7:00

Smileblind

  • Race: Protoss Protoss
  • League: Silver
  • Spawn Location: 6:00

VOD

Have the link to the VOD?

Description

Time

  • Played on: Feb. 10, 2019, 12:21 a.m.
  • Length: 23:22
Show
View Real Time Build Order
Export as new Build Order

Corrales Terran 

Build Orders:  

Get SALT Encoding   

  12  0:04  SCV  
  13  0:21  SCV  
  13  0:29  Supply Depot  
  14  0:37  Refinery  
  14  0:40  SCV  
  15  0:57  SCV  
  16  1:00  Refinery  
  16  1:14  SCV  
  17  1:31  SCV  
  18  1:40  Barracks  
  18  1:47  SCV  
  19  2:04  SCV  
  20  2:18  Factory  
  20  2:21  SCV  
  21  2:38  SCV  
  22  2:41  Marine  
  23  2:59  Supply Depot, Marine  
  23  3:01  Supply Depot  
  23  3:02  SCV  
  25  3:17  Marine  
  25  3:19  SCV  
  27  4:03  Marine  
  27  4:04  Command Center  
  27  4:08  SCV  
  29  4:19  Starport, Marine  
  29  4:25  SCV  
  31  4:33  Marine  
  32  4:42  SCV  
  30  4:50  Marine  
  34  5:00  Marine  
  34  5:04  SCV  
  36  5:21  SCV  
  37  5:40  SCV  
  37  5:47  Refinery  
  38  5:57  SCV  
  39  6:03  SCV  
  40  6:14  SCV  
  40  6:16  Refinery  
  40  6:19  Fusion Core, Starport Tech Lab  
  41  6:20  SCV  
  41  6:21  Marine  
  43  6:31  Marine  
  43  6:33  Supply Depot  
  43  6:34  Supply Depot  
  43  6:37  SCV, Supply Depot  
  45  6:54  SCV x2  
  47  7:08  Marine  
  47  7:11  SCV x2  
  47  7:18  Marine  
  50  7:27  SCV  
  50  7:28  SCV, Marine  
  50  7:29  Armory  
  53  7:38  Marine, Battlecruiser  
  61  7:50  SCV x2  
  63  8:07  SCV x2  
  51  9:02  Marine  
  52  9:10  SCV x2  
  52  9:12  Marine  
  52  9:19  Battlecruiser  
  55  9:25  Starport  
  55  9:27  SCV x2  
  55  9:28  Terran Vehicle and Ship Weapons Level 1  
  63  9:33  Armory  
  63  9:35  Weapon Refit  
  63  9:39  Marine  
  63  9:44  SCV x2  
  63  9:49  Marine  
  67  10:05  Orbital Command  
  68  10:14  Orbital Command  
  68  10:18  Starport Tech Lab  
  67  10:20  Battlecruiser  
  67  10:22  Starport  
  73  10:43  Terran Vehicle And Ship Armor Level 1  
  73  10:57  Supply Depot  
  73  10:58  Supply Depot, Battlecruiser  
  73  10:59  Supply Depot  
  73  11:00  Supply Depot  
  73  11:02  Supply Depot  
  73  11:03  Supply Depot  
  79  11:22  Starport Tech Lab  
  79  11:40  Battlecruiser x2  
  91  12:15  Battlecruiser  
  97  12:22  Battlecruiser  
  97  12:23  Battlecruiser  
  97  12:24  Terran Vehicle and Ship Weapons Level 2  
  109  13:09  Battlecruiser x2  
  121  13:23  Advanced Optics  
  121  15:38  Supply Depot  
  121  15:39  Battlecruiser x2  
  121  15:40  Supply Depot x2, Battlecruiser  
  121  15:41  Supply Depot  
  121  15:43  Supply Depot  
  121  15:44  Supply Depot  
  121  15:46  Supply Depot  
  121  15:49  Supply Depot  
  139  15:51  Supply Depot x2  
  139  15:54  Supply Depot  
  139  15:56  Supply Depot  
  139  16:14  Terran Vehicle And Ship Armor Level 2  
  139  16:21  Battlecruiser  
  139  16:23  Battlecruiser  
  151  16:37  Terran Vehicle and Ship Weapons Level 3  
  151  17:17  Battlecruiser  
  157  18:10  Battlecruiser  
  157  18:19  Battlecruiser  
  169  19:25  Battlecruiser  
  175  19:51  Battlecruiser  
  181  20:17  Afterburners  
  181  20:28  Battlecruiser  
  187  21:13  Battlecruiser  
  193  22:04  Battlecruiser  
Show
View Real Time Build Order
Export as new Build Order

Smileblind Protoss 

Build Orders:  

Get SALT Encoding   

  12  0:03  Probe (Chrono Boost)  
  13  0:17  Probe (Chrono Boost)  
  14  0:32  Pylon  
  14  0:37  Probe (Chrono Boost)  
  15  0:50  Gateway  
  15  1:03  Pylon  
  15  1:04  Probe (Chrono Boost)  
  16  1:18  Probe (Chrono Boost)  
  17  1:30  Gateway  
  17  1:31  Probe (Chrono Boost)  
  18  1:45  Probe (Chrono Boost)  
  19  1:59  Probe (Chrono Boost)  
  19  2:03  Zealot  
  19  2:09  Pylon  
  22  2:26  Probe (Chrono Boost)  
  23  2:31  Forge  
  17  2:40  Probe (Chrono Boost)  
  23  2:42  Cybernetics Core  
  23  2:48  Zealot  
  26  2:57  Zealot  
  28  3:06  Zealot  
  30  3:20  Zealot  
  32  3:40  Pylon  
  32  4:00  Nexus  
  32  4:18  Probe (Chrono Boost)  
  33  4:32  Probe (Chrono Boost)  
  33  4:34  Assimilator  
  34  4:46  Assimilator, Probe (Chrono Boost)  
  35  5:07  Zealot x4  
  35  5:08  Zealot  
  31  5:57  Dragoon  
  31  5:59  Zealot x2  
  37  6:09  Probe (Chrono Boost)  
  37  6:14  Probe (Chrono Boost)  
  39  6:23  Probe (Chrono Boost)  
  39  6:28  Probe (Chrono Boost)  
  41  6:37  Probe (Chrono Boost)  
  42  6:42  Probe (Chrono Boost)  
  42  6:49  Photon Cannon  
  43  6:51  Probe (Chrono Boost)  
  43  6:54  Photon Cannon  
  43  6:58  Twilight Council  
  44  7:05  Probe (Chrono Boost)  
  45  7:17  Photon Cannon  
  45  7:18  Probe (Chrono Boost)  
  46  7:21  Pylon  
  46  7:28  Pylon  
  46  7:32  Probe (Chrono Boost)  
  46  7:33  Photon Cannon  
  46  7:38  Dragoon  
  49  7:46  Probe (Chrono Boost)  
  50  7:51  Photon Cannon  
  50  7:55  Photon Cannon  
  50  7:59  Charge  
  50  8:00  Probe (Chrono Boost)  
  51  8:14  Probe (Chrono Boost)  
  52  8:28  Probe (Chrono Boost)  
  47  8:45  Zealot x3  
  47  8:46  Zealot x3  
  59  9:03  Photon Cannon  
  55  9:27  Templar Archives  
  39  10:05  Robotics Facility  
  39  10:18  Zealot x2  
  39  10:19  Zealot x2  
  46  10:20  Dragoon  
  46  10:21  Dragoon  
  38  10:56  Psionic Storm  
  38  11:12  Immortal  
  38  11:19  High Templar  
  44  11:20  High Templar  
  44  11:23  Gateway x2  
  44  11:29  Assimilator x2  
  46  11:31  Probe (Chrono Boost), Pylon  
  46  11:33  Pylon  
  47  11:45  Gateway, Probe (Chrono Boost)  
  47  11:49  Dragoon  
  50  11:50  Dragoon  
  50  11:51  Gateway  
  50  11:59  Probe (Chrono Boost)  
  53  12:09  Archon  
  53  12:12  Probe (Chrono Boost)  
  54  12:21  Dragoon x2  
  54  12:25  Zealot  
  54  12:26  Probe (Chrono Boost)  
  61  12:30  Dragoon x2  
  65  12:49  Observer  
  66  12:53  Probe (Chrono Boost)  
  66  12:54  Singularity Charge  
  67  13:03  Protoss Ground Weapons Level 1  
  67  13:07  Probe (Chrono Boost)  
  68  13:13  Dragoon  
  68  13:14  Dragoon  
  72  13:20  Probe (Chrono Boost)  
  72  13:26  Zealot x3  
  72  13:27  Zealot x3  
  85  13:34  Probe (Chrono Boost)  
  86  13:49  Pylon  
  86  13:53  Pylon  
  86  13:55  Pylon  
  86  14:13  Pylon  
  86  14:14  Probe (Chrono Boost)  
  86  14:15  Pylon  
  87  14:20  High Templar x2  
  87  14:23  Archon  
  87  14:26  Dragoon x2  
  87  14:27  Dragoon  
  97  14:35  Pylon  
  94  15:05  Dragoon x4  
  102  15:19  Zealot x5  
  110  15:20  Zealot x2  
  114  15:36  Zealot  
  114  15:37  Zealot x3  
  122  15:45  Dragoon  
  122  15:46  Dragoon  
  126  16:24  Pylon  
  126  16:26  Pylon  
  126  16:31  Pylon  
  126  16:48  Probe (Chrono Boost)  
  127  16:56  Photon Cannon x2  
  127  16:58  Photon Cannon  
  127  17:02  Probe (Chrono Boost)  
  127  17:04  Photon Cannon  
  127  17:06  Photon Cannon  
  127  17:08  Photon Cannon  
  128  17:16  Probe (Chrono Boost)  
  129  17:30  Probe (Chrono Boost)  
  130  17:56  Pylon  
  130  17:57  Zealot x2  
  130  17:58  Zealot x4  
  130  17:59  Pylon  
  142  18:01  Dragoon  
  142  18:02  Dragoon x3  
  142  18:04  Pylon  
  142  18:07  Pylon  
  150  18:25  Dragoon  
  150  18:26  Dragoon x3  
  132  19:46  Dragoon x2  
  132  19:47  Dragoon x2  
  140  20:07  Zealot x4  
  140  20:08  Zealot  
  140  20:09  Dragoon x2  
  154  20:10  Dragoon x3  
  145  21:02  Observer  
  145  21:03  Observer x2  
  124  21:23  High Templar x4  
  124  21:24  High Templar x4  
  124  21:25  High Templar  
  124  21:27  Archon x4  
  132  22:04  Dragoon x3  
  132  22:05  Dragoon x2  
  132  22:39  Dragoon x2  
  136  22:40  Dragoon x4  
  144  22:55  Zealot x3  
  144  22:56  Zealot x3  
Tags
 
Add a new tag
Caveats
  • Supply blocks, unpowered buildings, or Contaminate may cause inaccurate times.
  • Supply counts are checked every 10 seconds.